Panthers vs Canadiens

Created - 24 octobre 2017 at 15:55

Goals
1 2 3 T
Panthers 2 1 1 4
Canadiens 0 2 1 3
Shots
1 2 3 T
Panthers 11 10 10 31
Canadiens 5 14 9 28

1st period

1. Panthers , Sean Couturier 3 (Wayne Simmonds 4, Mario Scalzo 3) at 3:36
2. Panthers , Aaron Ekblad 2 (Jakub Voracek 5, Wayne Simmonds 5) at 15:01 (PP)

Penalties :
Mark Stuart (MTL) for Holding (Minor) at 1:16, Mario Scalzo (FLO) for Delaying the game (Minor) at 5:30, Sam Gagner (MTL) for Hooking (Minor) at 13:48, Craig Anderson (MTL) for Delaying the game (Minor) at 15:40 - Mark Borowiecki served the penalty.

2nd period

3. Panthers , Sean Couturier 4 (Wayne Simmonds 6) at 0:54
4. Canadiens , Joel Ward 1 (Matt Kinch 2, Pascal Dupuis 3) at 9:24
5. Canadiens , Joe Thornton 2 (Jonathan Ericsson 1, Olli Jokinen 4) at 15:31

Penalties :
Sam Gagner (MTL) for Tripping (Minor) at 4:07, Robbie Earl (MTL) for Hooking (Minor) at 9:54, Wayne Simmonds (FLO) for Interference (Minor) at 16:27

3rd period

6. Canadiens , Joel Ward 2 (Pascal Dupuis 4, Sam Gagner 3) at 6:16
7. Panthers , Mike Cammalleri 4 (Aaron Ekblad 1, Jakub Voracek 6) at 13:56 (PP)

Penalties :
Mark Borowiecki (MTL) for Hooking (Minor) at 2:46, Ryan Malone (MTL) for Holding (Minor) at 13:26

Goalie Stats

Robin Lehner (FLO), 25 saves from 28 shots - (0,893), W, 3-5-0, 60:00 minutes
Craig Anderson (MTL), 27 saves from 31 shots - (0,871), L, 3-5-0, 59:25 minutes

Players Stats for Panthers

Player Name              G  A  P  +/- PIM S  H  SB GA TA FO     MP     PP MP  PK MP  
------------------------------------------------------------------------------------
Aaron Ekblad             1  1  2  -1  0   2  2  1  0  0  0/0    21:30   5:48   0:00 
Brayden Schenn           0  0  0   0  0   0  3  0  0  0  6/19   12:52   6:12   2:07 
Brett Sutter             0  0  0   0  0   0  0  0  0  0  1/1     8:03   6:12   1:51 
Cam Fowler               0  0  0  -1  0   1  1  1  0  0  0/0    23:00   5:50   1:28 
Chris Kreider            0  0  0  -2  0   1  1  0  0  0  0/2    14:05   0:00   0:00 
Derick Brassard          0  0  0  -2  0   1  1  0  0  0  4/12    9:32   0:00   0:00 
Dustin Byfuglien         0  0  0  -1  0   2  3  2  0  0  0/1    21:05   6:12   0:00 
Jakob Silfverberg        0  0  0  -2  0   1  0  0  0  0  0/1    14:05   0:00   0:00 
Jakub Voracek            0  2  2  -1  0   4  0  2  0  0  1/3    20:19   5:26   0:00 
Jason Demers             0  0  0  -1  0   1  1  2  0  0  0/0    17:53   0:00   1:28 
John Moore               0  0  0   0  0   2  1  0  0  0  0/0     8:04   5:48   0:00 
Luke Schenn              0  0  0  -1  0   0  0  2  0  0  0/0    19:53   0:00   2:30 
Mario Scalzo             0  1  1   1  2   1  3  0  0  0  0/0    14:52   5:50   0:00 
Mike Cammalleri          1  0  1  -1  0   6  0  0  0  0  10/26  20:19   5:26   0:00 
Nick Bonino              0  0  0   2  0   2  0  0  0  0  0/0    17:33   0:00   2:07 
Niklas Hjalmarsson       0  0  0   1  0   0  2  2  0  0  0/0    14:47   0:00   2:30 
Sean Couturier           2  0  2   2  0   3  3  1  0  0  14/25  17:17   0:00   1:51 
Wayne Simmonds           0  3  3   2  2   4  7  0  0  0  0/0    20:51   5:26   0:00 

Players Stats for Canadiens

Player Name              G  A  P  +/- PIM S  H  SB GA TA FO     MP     PP MP  PK MP  
------------------------------------------------------------------------------------
Alexander Radulov        0  0  0  -1  0   3  0  0  0  0  1/2    12:52   1:45   0:00 
Andrej Meszaros          0  0  0   1  0   2  3  3  0  0  0/0    21:38   0:08   6:28 
Ben Lovejoy              0  0  0   0  0   1  2  3  0  0  0/0    23:21   2:38   6:02 
Brian Boyle              0  0  0   0  0   4  0  1  0  0  0/2    21:47   1:45   4:42 
Connor McDavid           0  0  0   0  0   2  0  0  0  0  21/34  22:48   1:45   6:41 
Jack Skille              0  0  0  -1  0   2  0  0  0  0  0/0    11:07   0:00   0:00 
Joe Thornton             1  0  1   1  0   1  0  0  0  0  4/6     5:58   0:39   0:00 
Joel Ward                2  0  2   1  0   3  0  0  0  0  3/4    20:07   1:34   4:57 
Jonathan Ericsson        0  1  1   1  0   0  0  0  0  0  0/0    15:36   1:12   0:20 
Mark Borowiecki          0  0  0  -1  2   2  3  2  0  0  0/0    20:58   2:38   3:33 
Mark Stuart              0  0  0   0  2   1  3  1  0  0  0/0    22:02   1:20   5:04 
Matt Kinch               0  1  1   1  0   1  0  2  0  0  0/0    16:23   0:00   1:49 
Olli Jokinen             0  1  1   1  0   1  0  0  0  0  0/1     5:58   0:39   0:00 
Pascal Dupuis            0  2  2   1  0   0  3  0  0  0  1/2    13:36   0:00   0:00 
Rene Bourque             0  0  0   1  0   0  0  2  0  0  1/2    11:17   0:00   6:56 
Robbie Earl              0  0  0   0  2   0  3  0  0  0  2/2    16:34   2:13   0:00 
Ryan Malone              0  0  0  -1  2   0  1  0  0  0  9/14   11:06   0:00   0:00 
Sam Gagner               0  1  1   1  4   5  2  0  0  0  12/21  15:08   1:34   0:00 

3 Stars

1 - Sean Couturier (FLO)
2 - Wayne Simmonds (FLO)
3 - Joel Ward (MTL)

Power Play

Panthers - 2 on 7 Attempt(s) - 28,57%
Canadiens - 0 on 2 Attempt(s) - 0,00%

Penalty Kill

Panthers - 2 on 2 Attempt(s) - 100,00% - Score 0 goal in Penalty Kill
Canadiens - 5 on 7 Attempt(s) - 71,43% - Score 0 goal in Penalty Kill

Team Stat

Panthers - Hits : 28 - Faceoff Wins : 36 - Blocked Shots : 13 - Penalty Minutes : 4
Canadiens - Hits : 20 - Faceoff Wins : 54 - Blocked Shots : 14 - Penalty Minutes : 14

Official

Referees : Brian Pochmara and Jake Brenk
Linesman : Adam Harris and Pat Richardson

Game Notes

No Game Note

Finance

Level 1 -- Attendance: 6239 (86,71%) -- Ticket Income 623 900 $
Level 2 -- Attendance: 5178 (85,69%) -- Ticket Income 310 680 $
Level 3 -- Attendance: 2423 (72,68%) -- Ticket Income 96 920 $
Level 4 -- Attendance: 4707 (93,28%) -- Ticket Income 117 675 $
Luxury Box -- Attendance: 1869 (89,64%) -- Ticket Income 373 800 $
Game was played at the Bell Centre.
Total Attendance: 20416 (86,13%)
Total Ticket Income: 1 522 975 $
Other Income: 746 258 $
Total Income: 2 269 233 $

Panthers

5 vs 5 Forward 
   Center                   Left Wing                Right Wing               Time % Phy DF OF 
 1 Mike Cammalleri          Dustin Byfuglien         Jakub Voracek            37     0   2  3  
 2 Sean Couturier           Nick Bonino              Wayne Simmonds           33     0   2  3  
 3 Derick Brassard          Chris Kreider            Jakob Silfverberg        19     0   3  2  
 4 Brayden Schenn           Chris Kreider            Jakob Silfverberg        11     1   2  2  

5 vs 5 Defense 
   Defense                  Defense                                           Time % Phy DF OF 
 1 Luke Schenn              Jason Demers                                      36     0   3  2  
 2 Cam Fowler               Aaron Ekblad                                      34     0   3  2  
 3 Niklas Hjalmarsson       Mario Scalzo                                      20     0   3  2  
 4 Niklas Hjalmarsson       John Moore                                        10     0   3  2  

PowerPlay Forward 
   Center                   Left Wing                Right Wing               Time % Phy DF OF 
 1 Mike Cammalleri          Jakub Voracek            Wayne Simmonds           50     0   0  5  
 2 Brayden Schenn           Brett Sutter             Dustin Byfuglien         50     0   0  5  

PowerPlay Defense
   Defense                  Defense                                           Time % Phy DF OF 
 1 Cam Fowler               Mario Scalzo                                      50     0   0  5  
 2 John Moore               Aaron Ekblad                                      50     0   0  5  

Penalty Kill 4 Players Forward 
   Center                   Wing                     Time % Phy DF OF 
 1 Brayden Schenn           Nick Bonino              51     0   5  0  
 2 Sean Couturier           Brett Sutter             49     0   5  0  

Penalty Kill 4 Players Defense
   Defense                  Defense                  Time % Phy DF OF 
 1 Niklas Hjalmarsson       Luke Schenn              52     0   5  0  
 2 Cam Fowler               Jason Demers             48     0   5  0  

Penalty Kill - 3 Players Forward 
   Forward                                           Time % Phy DF OF 
 1 Dustin Byfuglien                                  50     0   5  0  
 2 Nick Bonino                                       50     0   5  0  

Penalty Kill - 3 Players Defense
   Defense                  Defense                  Time % Phy DF OF 
 1 Niklas Hjalmarsson       John Moore               52     0   5  0  
 2 Cam Fowler               Luke Schenn              48     0   5  0  

4 vs 4 Forward 
   Center                   Wing                     Time % Phy DF OF 
 1 Sean Couturier           Jakub Voracek            50     0   2  3  
 2 Brett Sutter             Sean Couturier           50     0   3  2  

4 vs 4 Defense
   Defense                  Defense                  Time % Phy DF OF 
 1 Aaron Ekblad             Niklas Hjalmarsson       51     0   3  2  
 2 John Moore               Luke Schenn              49     0   3  2  

Last Minutes Offensive
   Center                   Left Wing                Right Wing               Defense                  Defense                  
   Mike Cammalleri          Jakub Voracek            Wayne Simmonds           Jason Demers             Cam Fowler               

Last Minutes Defensive
   Center                   Left Wing                Right Wing               Defense                  Defense                  
   Sean Couturier           Nick Bonino              Wayne Simmonds           Luke Schenn              Niklas Hjalmarsson       

Goaltenders
Starting : Robin Lehner             
Backup : Tomas Popperle           

Extra Forwards
Normal : Derick Brassard, Chris Kreider, Brett Sutter - PP : Derick Brassard, Chris Kreider - PK : Brayden Schenn
Extra Defensemen
Normal : Niklas Hjalmarsson, Mario Scalzo, Jason Demers - PP : Niklas Hjalmarsson - PK : Mario Scalzo, Jason Demers
Penalty Shots
Dustin Byfuglien, Derick Brassard, Jakub Voracek, Wayne Simmonds, Sean Couturier
Custom OT Lines Forwards
Dustin Byfuglien, Mike Cammalleri, Nick Bonino, Wayne Simmonds, Jakub Voracek, Derick Brassard, Brett Sutter, Chris Kreider, Brayden Schenn, Jakob Silfverberg
Custom OT Lines Defensemen
Aaron Ekblad, Cam Fowler, John Moore, Luke Schenn, Niklas Hjalmarsson

Scratches
None

Canadiens

5 vs 5 Forward 
   Center                   Left Wing                Right Wing               Time % Phy DF OF 
 1 Connor McDavid           Brian Boyle              Robbie Earl              38     0   2  3  
 2 Sam Gagner               Pascal Dupuis            Joel Ward                35     0   2  3  
 3 Ryan Malone              Jack Skille              Alexander Radulov        23     0   3  2  
 4 Joe Thornton             Rene Bourque             Olli Jokinen             4      2   2  1  

5 vs 5 Defense 
   Defense                  Defense                                           Time % Phy DF OF 
 1 Ben Lovejoy              Mark Borowiecki                                   34     0   3  2  
 2 Mark Stuart              Matt Kinch                                        33     0   3  2  
 3 Andrej Meszaros          Jonathan Ericsson                                 33     0   3  2  
 4 Mark Stuart              Mark Borowiecki                                   0      0   1  4  

PowerPlay Forward 
   Center                   Left Wing                Right Wing               Time % Phy DF OF 
 1 Connor McDavid           Brian Boyle              Alexander Radulov        55     0   2  3  
 2 Sam Gagner               Joel Ward                Robbie Earl              45     0   2  3  

PowerPlay Defense
   Defense                  Defense                                           Time % Phy DF OF 
 1 Ben Lovejoy              Mark Borowiecki                                   55     0   3  2  
 2 Mark Stuart              Jonathan Ericsson                                 45     0   3  2  

Penalty Kill 4 Players Forward 
   Center                   Wing                     Time % Phy DF OF 
 1 Connor McDavid           Rene Bourque             55     0   4  1  
 2 Brian Boyle              Joel Ward                45     0   4  1  

Penalty Kill 4 Players Defense
   Defense                  Defense                  Time % Phy DF OF 
 1 Ben Lovejoy              Mark Borowiecki          55     0   4  1  
 2 Mark Stuart              Andrej Meszaros          45     0   4  1  

Penalty Kill - 3 Players Forward 
   Forward                                           Time % Phy DF OF 
 1 Joel Ward                                         55     1   2  2  
 2 Connor McDavid                                    45     1   2  2  

Penalty Kill - 3 Players Defense
   Defense                  Defense                  Time % Phy DF OF 
 1 Andrej Meszaros          Jonathan Ericsson        55     1   2  2  
 2 Mark Stuart              Ben Lovejoy              45     1   2  2  

4 vs 4 Forward 
   Center                   Wing                     Time % Phy DF OF 
 1 Connor McDavid           Brian Boyle              55     0   2  3  
 2 Joel Ward                Sam Gagner               45     0   3  2  

4 vs 4 Defense
   Defense                  Defense                  Time % Phy DF OF 
 1 Ben Lovejoy              Andrej Meszaros          55     0   3  2  
 2 Mark Stuart              Mark Borowiecki          45     0   3  2  

Last Minutes Offensive
   Center                   Left Wing                Right Wing               Defense                  Defense                  
   Olli Jokinen             Joe Thornton             Brian Boyle              Andrej Meszaros          Ben Lovejoy              

Last Minutes Defensive
   Center                   Left Wing                Right Wing               Defense                  Defense                  
   Olli Jokinen             Pascal Dupuis            Rene Bourque             Andrej Meszaros          Mark Stuart              

Goaltenders
Starting : Craig Anderson           
Backup : Louis Domingue           

Extra Forwards
Normal : Connor McDavid, Joel Ward, Alexander Radulov - PP : Sam Gagner, Pascal Dupuis - PK : Joel Ward
Extra Defensemen
Normal : Ben Lovejoy, Jonathan Ericsson, Mark Stuart - PP : Mark Stuart - PK : Ben Lovejoy, Mark Stuart
Penalty Shots
Olli Jokinen, Connor McDavid, Sam Gagner, Pascal Dupuis, Joel Ward
Custom OT Lines Forwards
Olli Jokinen, Brian Boyle, Sam Gagner, Pascal Dupuis, Alexander Radulov, Connor McDavid, Joel Ward, Ryan Malone, Jack Skille, Rene Bourque
Custom OT Lines Defensemen
Matt Kinch, Mark Borowiecki, Mark Stuart, Jonathan Ericsson, Ben Lovejoy

Scratches
None


% Time on Ice - Panthers

Lines # - Real PCT - Wanted PCT - Time Play
Normal Forward
1 - 34% - 37% - 14:53
2 - 33% - 33% - 14:28
3 - 22% - 19% - 9:32
4 - 10% - 11% - 4:33
Normal Defense
1 - 38% - 36% - 16:25
2 - 36% - 34% - 15:42
3 - 21% - 20% - 9:03
4 - 5% - 10% - 2:16
PP Forward
1 - 47% - 50% - 5:26
2 - 53% - 50% - 6:12
PP Defense
1 - 50% - 50% - 5:50
2 - 50% - 50% - 5:48
PK Forward
1 - 53% - 51% - 2:07
2 - 47% - 49% - 1:51
PK Defense
1 - 63% - 52% - 2:30
2 - 37% - 48% - 1:28
PK3 Forward
1 - 0% - 50%
2 - 0% - 50%
PK3 Defense
1 - 0% - 52%
2 - 0% - 48%
44 Forward
1 - 0% - 50%
2 - 0% - 50%
44 Defense
1 - 0% - 51%
2 - 0% - 49%
Last Minute Offensive  - 0:00
Last Minute Defensive  - 0:58
Total
Forward - 60:00
Defense - 60:00

% Time on Ice - Canadiens

Lines # - Real PCT - Wanted PCT - Time Play
Normal Forward
1 - 33% - 38% - 14:22
2 - 31% - 35% - 13:36
3 - 26% - 23% - 11:07
4 - 10% - 4% - 4:21
Normal Defense
1 - 32% - 34% - 13:43
2 - 34% - 33% - 14:34
3 - 32% - 33% - 14:04
4 - 2% - 0% - 1:05
PP Forward
1 - 44% - 55% - 1:45
2 - 56% - 45% - 2:13
PP Defense
1 - 66% - 55% - 2:38
2 - 34% - 45% - 1:20
PK Forward
1 - 60% - 55% - 6:56
2 - 40% - 45% - 4:42
PK Defense
1 - 56% - 55% - 6:32
2 - 44% - 45% - 5:06
PK3 Forward
1 - 0% - 55%
2 - 0% - 45%
PK3 Defense
1 - 0% - 55%
2 - 0% - 45%
44 Forward
1 - 0% - 55%
2 - 0% - 45%
44 Defense
1 - 0% - 55%
2 - 0% - 45%
Last Minute Offensive  - 0:58
Last Minute Defensive  - 0:00
Total
Forward - 60:00
Defense - 60:00

Play by Play

1st period


0:01 of 1st period - Mike Cammalleri wins face-off versus Connor McDavid in neutral zone.
1:16 of 1st period - Minor Penalty to Mark Stuart for Holding.
1:17 of 1st period - Rene Bourque wins face-off versus Brayden Schenn in Canadiens zone.
1:32 of 1st period - Shot by Brayden Schenn.
1:32 of 1st period - Shot Misses the Net.
2:12 of 1st period - Shot by Jakub Voracek.
2:12 of 1st period - Deflect By Mike Cammalleri.
2:12 of 1st period - Shot Blocked by Andrej Meszaros.
2:14 of 1st period - Shot by Aaron Ekblad.
2:14 of 1st period - Stopped by Craig Anderson with a rebound.
2:16 of 1st period - Shot by Jakub Voracek.
2:16 of 1st period - Deflect By Mike Cammalleri.
2:16 of 1st period - Stopped by Craig Anderson without a rebound.
2:17 of 1st period - Mike Cammalleri wins face-off versus Brian Boyle in Canadiens zone.
2:18 of 1st period - Shot by Aaron Ekblad.
2:18 of 1st period - Shot Blocked by Brian Boyle.
2:20 of 1st period - Shot by John Moore.
2:20 of 1st period - Shot Blocked by Ben Lovejoy.
2:22 of 1st period - Shot by John Moore.
2:22 of 1st period - Shot Misses the Net.
2:24 of 1st period - Shot by Jakub Voracek.
2:24 of 1st period - Stopped by Craig Anderson with a rebound.
2:26 of 1st period - Shot by Aaron Ekblad.
2:26 of 1st period - Deflect By Mike Cammalleri.
2:26 of 1st period - Stopped by Craig Anderson without a rebound.
2:27 of 1st period - Connor McDavid wins face-off versus Brayden Schenn in Canadiens zone.
3:36 of 1st period - Shot by Sean Couturier.
3:36 of 1st period - Goal by Sean Couturier - Panthers : 1 - Canadiens : 0.
3:37 of 1st period - Derick Brassard wins face-off versus Sam Gagner in neutral zone.
3:50 of 1st period - Derick Brassard is hit by Andrej Meszaros and loses puck.
4:15 of 1st period - Shot by Derick Brassard.
4:15 of 1st period - Shot Misses the Net.
4:18 of 1st period - Icing by Pascal Dupuis.
4:19 of 1st period - Sam Gagner wins face-off versus Sean Couturier in Canadiens zone.
4:21 of 1st period - Icing by Joel Ward.
4:22 of 1st period - Joel Ward wins face-off versus Sean Couturier in Canadiens zone.
4:22 of 1st period - Joel Ward is hit by Sean Couturier.
4:33 of 1st period - Sam Gagner is hit by Sean Couturier and loses puck.
5:27 of 1st period - Icing by Niklas Hjalmarsson.
5:28 of 1st period - Connor McDavid wins face-off versus Jakub Voracek in Panthers zone.
5:30 of 1st period - Minor Penalty to Mario Scalzo for Delaying the game.
5:31 of 1st period - Alexander Radulov wins face-off versus Brayden Schenn in Panthers zone.
7:19 of 1st period - Shot by Connor McDavid.
7:19 of 1st period - Shot Misses the Net.
7:21 of 1st period - Shot by Ben Lovejoy.
7:21 of 1st period - Stopped by Robin Lehner without a rebound.
7:22 of 1st period - Sam Gagner wins face-off versus Brayden Schenn in Panthers zone.
7:25 of 1st period - Shot by Mark Stuart.
7:25 of 1st period - Stopped by Robin Lehner without a rebound.
7:26 of 1st period - Sam Gagner wins face-off versus Brayden Schenn in Panthers zone.
7:29 of 1st period - Shot by Mark Stuart.
7:29 of 1st period - Shot Blocked by Cam Fowler.
7:45 of 1st period - Shot by Jakub Voracek.
7:45 of 1st period - Shot Blocked by Rene Bourque.
8:14 of 1st period - Icing by Cam Fowler.
8:15 of 1st period - Connor McDavid wins face-off versus Mike Cammalleri in Panthers zone.
8:23 of 1st period - Robbie Earl is hit by Aaron Ekblad and loses puck.
8:36 of 1st period - Shot by Brian Boyle.
8:36 of 1st period - Shot Blocked by Dustin Byfuglien.
8:38 of 1st period - Shot by Robbie Earl.
8:38 of 1st period - Shot Blocked by Dustin Byfuglien.
8:40 of 1st period - Shot by Mark Borowiecki.
8:40 of 1st period - Shot Blocked by Jakub Voracek.
8:42 of 1st period - Shot by Mark Borowiecki.
8:42 of 1st period - Stopped by Robin Lehner without a rebound.
8:43 of 1st period - Sean Couturier wins face-off versus Ryan Malone in Panthers zone.
8:45 of 1st period - Icing by Nick Bonino.
8:46 of 1st period - Sean Couturier wins face-off versus Ryan Malone in Panthers zone.
8:59 of 1st period - Shot by Nick Bonino.
8:59 of 1st period - Stopped by Craig Anderson without a rebound.
9:00 of 1st period - Connor McDavid wins face-off versus Jakob Silfverberg in Canadiens zone.
10:02 of 1st period - Sean Couturier is hit by Mark Borowiecki and loses puck.
10:05 of 1st period - Shot by Nick Bonino.
10:05 of 1st period - Shot Misses the Net.
10:07 of 1st period - Shot by Sean Couturier.
10:07 of 1st period - Shot Blocked by Mark Borowiecki.
10:09 of 1st period - Shot by Jason Demers.
10:09 of 1st period - Shot Blocked by Mark Borowiecki.
10:11 of 1st period - Shot by Sean Couturier.
10:11 of 1st period - Shot Blocked by Ben Lovejoy.
10:25 of 1st period - Shot by Alexander Radulov.
10:25 of 1st period - Stopped by Robin Lehner without a rebound.
10:26 of 1st period - Sam Gagner wins face-off versus Mike Cammalleri in Panthers zone.
10:59 of 1st period - Shot by Mike Cammalleri.
10:59 of 1st period - Stopped by Craig Anderson without a rebound.
11:00 of 1st period - Sean Couturier wins face-off versus Connor McDavid in Canadiens zone.
11:15 of 1st period - Shot by Sean Couturier.
11:15 of 1st period - Shot Misses the Net.
11:17 of 1st period - Shot by Wayne Simmonds.
11:17 of 1st period - Shot Misses the Net.
11:19 of 1st period - Shot by Sean Couturier.
11:19 of 1st period - Deflect By Wayne Simmonds.
11:19 of 1st period - Stopped by Craig Anderson without a rebound.
11:20 of 1st period - Brayden Schenn wins face-off versus Ryan Malone in Canadiens zone.
11:26 of 1st period - Ryan Malone is hit by Brayden Schenn.
11:29 of 1st period - Jack Skille is hit by John Moore and loses puck.
11:38 of 1st period - Mark Borowiecki is hit by Brayden Schenn and loses puck.
11:47 of 1st period - Shot by Jakob Silfverberg.
11:47 of 1st period - Stopped by Craig Anderson with a rebound.
12:14 of 1st period - Alexander Radulov is hit by Niklas Hjalmarsson and loses puck.
12:28 of 1st period - Brian Boyle is hit by Niklas Hjalmarsson and loses puck.
13:48 of 1st period - Minor Penalty to Sam Gagner for Hooking.
13:49 of 1st period - Brayden Schenn wins face-off versus Joel Ward in Canadiens zone.
14:03 of 1st period - Icing by Cam Fowler.
14:04 of 1st period - Connor McDavid wins face-off versus Brayden Schenn in Panthers zone.
14:04 of 1st period - Mark Borowiecki is hit by Cam Fowler and loses puck.
14:14 of 1st period - Icing by Brayden Schenn.
14:15 of 1st period - Connor McDavid wins face-off versus Brayden Schenn in Panthers zone.
14:15 of 1st period - Connor McDavid is hit by Mario Scalzo.
14:59 of 1st period - Shot by Jakub Voracek.
14:59 of 1st period - Shot Misses the Net.
15:01 of 1st period - Shot by Aaron Ekblad.
15:01 of 1st period - Goal by Aaron Ekblad - Panthers : 2 - Canadiens : 0.
15:02 of 1st period - Ryan Malone wins face-off versus Derick Brassard in neutral zone.
15:40 of 1st period - Shot by Jason Demers.
15:40 of 1st period - Stopped by Craig Anderson without a rebound.
15:40 of 1st period - Minor Penalty to Craig Anderson for Delaying the game.
15:41 of 1st period - Mike Cammalleri wins face-off versus Connor McDavid in Canadiens zone.
15:46 of 1st period - Shot by Wayne Simmonds.
15:46 of 1st period - Shot Blocked by Rene Bourque.
16:08 of 1st period - Connor McDavid is hit by Wayne Simmonds and loses puck.
17:09 of 1st period - Shot by Brett Sutter.
17:09 of 1st period - Shot Blocked by Matt Kinch.
17:53 of 1st period - Shot by Alexander Radulov.
17:53 of 1st period - Deflect By Jack Skille.
17:53 of 1st period - Shot Misses the Net.
17:55 of 1st period - Shot by Alexander Radulov.
17:55 of 1st period - Stopped by Robin Lehner with a rebound.
17:57 of 1st period - Shot by Mark Stuart.
17:57 of 1st period - Shot Misses the Net.
17:59 of 1st period - Shot by Jack Skille.
17:59 of 1st period - Deflect By Alexander Radulov.
17:59 of 1st period - Shot Misses the Net.
18:01 of 1st period - Shot by Mark Borowiecki.
18:01 of 1st period - Shot Misses the Net.
18:03 of 1st period - Shot by Jack Skille.
18:03 of 1st period - Shot Misses the Net.
18:05 of 1st period - Shot by Jack Skille.
18:05 of 1st period - Shot Blocked by Jason Demers.
18:07 of 1st period - Shot by Jack Skille.
18:07 of 1st period - Deflect By Alexander Radulov.
18:07 of 1st period - Shot Misses the Net.
18:09 of 1st period - Shot by Alexander Radulov.
18:09 of 1st period - Shot Blocked by Jason Demers.
18:49 of 1st period - Jonathan Ericsson is hit by Wayne Simmonds and loses puck.
19:30 of 1st period - Off-side.
19:31 of 1st period - Mike Cammalleri wins face-off versus Connor McDavid in neutral zone.
19:37 of 1st period - Off-side.
19:38 of 1st period - Connor McDavid wins face-off versus Chris Kreider in neutral zone.
Goals for this period are 2 for Panthers vs 0 for Canadiens.
Shots for this period are 11 for Panthers vs 5 for Canadiens.

2nd period


0:01 of 2nd period - Connor McDavid wins face-off versus Mike Cammalleri in neutral zone.
0:40 of 2nd period - Shot by Connor McDavid.
0:40 of 2nd period - Stopped by Robin Lehner without a rebound.
0:41 of 2nd period - Sean Couturier wins face-off versus Sam Gagner in Panthers zone.
0:51 of 2nd period - Wayne Simmonds is hit by Mark Borowiecki and loses puck.
0:54 of 2nd period - Shot by Sean Couturier.
0:54 of 2nd period - Goal by Sean Couturier - Panthers : 3 - Canadiens : 0.
0:55 of 2nd period - Ryan Malone wins face-off versus Derick Brassard in neutral zone.
1:17 of 2nd period - Icing by Chris Kreider.
1:18 of 2nd period - Connor McDavid wins face-off versus Derick Brassard in Panthers zone.
1:41 of 2nd period - Shot by Connor McDavid.
1:41 of 2nd period - Shot Misses the Net.
2:10 of 2nd period - Icing by Aaron Ekblad.
2:11 of 2nd period - Sean Couturier wins face-off versus Sam Gagner in Panthers zone.
2:37 of 2nd period - Icing by Aaron Ekblad.
2:38 of 2nd period - Ryan Malone wins face-off versus Sean Couturier in Panthers zone.
2:47 of 2nd period - Shot by Nick Bonino.
2:47 of 2nd period - Deflect By Sean Couturier.
2:47 of 2nd period - Shot Misses the Net.
2:54 of 2nd period - Wayne Simmonds is hit by Mark Stuart and loses puck.
3:19 of 2nd period - Shot by Dustin Byfuglien.
3:19 of 2nd period - Shot Misses the Net.
3:23 of 2nd period - Shot by Dustin Byfuglien.
3:23 of 2nd period - Stopped by Craig Anderson without a rebound.
3:24 of 2nd period - Brayden Schenn wins face-off versus Connor McDavid in Canadiens zone.
3:44 of 2nd period - Shot by Brian Boyle.
3:44 of 2nd period - Shot Misses the Net.
3:46 of 2nd period - Shot by Andrej Meszaros.
3:46 of 2nd period - Shot Blocked by Luke Schenn.
3:50 of 2nd period - Shot by Connor McDavid.
3:50 of 2nd period - Shot Misses the Net.
3:52 of 2nd period - Shot by Andrej Meszaros.
3:52 of 2nd period - Stopped by Robin Lehner without a rebound.
3:53 of 2nd period - Joel Ward wins face-off versus Mike Cammalleri in Panthers zone.
3:54 of 2nd period - Shot by Sam Gagner.
3:54 of 2nd period - Stopped by Robin Lehner without a rebound.
3:55 of 2nd period - Sam Gagner wins face-off versus Dustin Byfuglien in Panthers zone.
3:58 of 2nd period - Shot by Joel Ward.
3:58 of 2nd period - Stopped by Robin Lehner without a rebound.
3:59 of 2nd period - Sam Gagner wins face-off versus Mike Cammalleri in Panthers zone.
3:59 of 2nd period - Sam Gagner is hit by Mario Scalzo.
4:07 of 2nd period - Minor Penalty to Sam Gagner for Tripping.
4:08 of 2nd period - Connor McDavid wins face-off versus Mike Cammalleri in Canadiens zone.
5:51 of 2nd period - Shot by Wayne Simmonds.
5:51 of 2nd period - Deflect By Jakub Voracek.
5:51 of 2nd period - Shot Blocked by Ben Lovejoy.
6:32 of 2nd period - Shot by Derick Brassard.
6:32 of 2nd period - Shot Misses the Net.
6:35 of 2nd period - Icing by Alexander Radulov.
6:36 of 2nd period - Ryan Malone wins face-off versus Sean Couturier in Canadiens zone.
6:36 of 2nd period - Ryan Malone is hit by Wayne Simmonds.
6:48 of 2nd period - Shot by Nick Bonino.
6:48 of 2nd period - Shot Misses the Net.
6:50 of 2nd period - Shot by Niklas Hjalmarsson.
6:50 of 2nd period - Shot Misses the Net.
6:52 of 2nd period - Shot by Mario Scalzo.
6:52 of 2nd period - Stopped by Craig Anderson without a rebound.
6:53 of 2nd period - Brayden Schenn wins face-off versus Sam Gagner in Canadiens zone.
7:03 of 2nd period - Joel Ward is hit by Aaron Ekblad and loses puck.
7:10 of 2nd period - Shot by Joel Ward.
7:10 of 2nd period - Shot Misses the Net.
7:18 of 2nd period - Shot by Sam Gagner.
7:18 of 2nd period - Shot Misses the Net.
7:24 of 2nd period - Shot by Sam Gagner.
7:24 of 2nd period - Stopped by Robin Lehner without a rebound.
7:25 of 2nd period - Connor McDavid wins face-off versus Mike Cammalleri in Panthers zone.
7:40 of 2nd period - Luke Schenn is hit by Robbie Earl and loses puck.
7:47 of 2nd period - Shot by Luke Schenn.
7:47 of 2nd period - Shot Misses the Net.
7:49 of 2nd period - Shot by Jakub Voracek.
7:49 of 2nd period - Stopped by Craig Anderson without a rebound.
7:50 of 2nd period - Ryan Malone wins face-off versus Sean Couturier in Canadiens zone.
7:58 of 2nd period - Shot by Jack Skille.
7:58 of 2nd period - Shot Misses the Net.
8:00 of 2nd period - Shot by Jonathan Ericsson.
8:00 of 2nd period - Shot Misses the Net.
8:02 of 2nd period - Shot by Jonathan Ericsson.
8:02 of 2nd period - Shot Blocked by Niklas Hjalmarsson.
8:04 of 2nd period - Shot by Alexander Radulov.
8:04 of 2nd period - Shot Blocked by Sean Couturier.
8:15 of 2nd period - Jack Skille is hit by Sean Couturier.
9:00 of 2nd period - Jakub Voracek is hit by Ben Lovejoy.
9:02 of 2nd period - Shot by Mike Cammalleri.
9:02 of 2nd period - Stopped by Craig Anderson without a rebound.
9:03 of 2nd period - Pascal Dupuis wins face-off versus Derick Brassard in Canadiens zone.
9:20 of 2nd period - Shot by Sam Gagner.
9:20 of 2nd period - Deflect By Pascal Dupuis.
9:20 of 2nd period - Shot Misses the Net.
9:22 of 2nd period - Shot by Matt Kinch.
9:22 of 2nd period - Shot Misses the Net.
9:24 of 2nd period - Shot by Joel Ward.
9:24 of 2nd period - Goal by Joel Ward - Panthers : 3 - Canadiens : 1.
9:25 of 2nd period - Mike Cammalleri wins face-off versus Connor McDavid in neutral zone.
9:28 of 2nd period - Brian Boyle is hit by Dustin Byfuglien and loses puck.
9:40 of 2nd period - Cam Fowler is hit by Ben Lovejoy and loses puck.
9:54 of 2nd period - Minor Penalty to Robbie Earl for Hooking.
9:55 of 2nd period - Connor McDavid wins face-off versus Brayden Schenn in Canadiens zone.
10:01 of 2nd period - Icing by Cam Fowler.
10:02 of 2nd period - Connor McDavid wins face-off versus Brayden Schenn in Panthers zone.
10:07 of 2nd period - Shot by Rene Bourque.
10:07 of 2nd period - Shot Misses the Net.
11:06 of 2nd period - Shot by John Moore.
11:06 of 2nd period - Stopped by Craig Anderson without a rebound.
11:07 of 2nd period - Connor McDavid wins face-off versus Mike Cammalleri in Canadiens zone.
11:38 of 2nd period - Shot by Wayne Simmonds.
11:38 of 2nd period - Stopped by Craig Anderson without a rebound.
11:39 of 2nd period - Connor McDavid wins face-off versus Brayden Schenn in Canadiens zone.
11:39 of 2nd period - Connor McDavid is hit by Brayden Schenn.
11:51 of 2nd period - Shot by Brett Sutter.
11:51 of 2nd period - Shot Blocked by Andrej Meszaros.
12:13 of 2nd period - Shot by Jack Skille.
12:13 of 2nd period - Shot Blocked by Luke Schenn.
12:15 of 2nd period - Shot by Matt Kinch.
12:15 of 2nd period - Stopped by Robin Lehner without a rebound.
12:16 of 2nd period - Sean Couturier wins face-off versus Sam Gagner in Panthers zone.
12:30 of 2nd period - Shot by Wayne Simmonds.
12:30 of 2nd period - Deflect By Nick Bonino.
12:30 of 2nd period - Stopped by Craig Anderson without a rebound.
12:31 of 2nd period - Connor McDavid wins face-off versus Mike Cammalleri in Canadiens zone.
12:55 of 2nd period - Shot by Jakub Voracek.
12:55 of 2nd period - Stopped by Craig Anderson without a rebound.
12:56 of 2nd period - Joel Ward wins face-off versus Sean Couturier in Canadiens zone.
13:06 of 2nd period - Pascal Dupuis is hit by Wayne Simmonds and loses puck.
13:15 of 2nd period - Shot by Sean Couturier.
13:15 of 2nd period - Shot Blocked by Matt Kinch.
13:17 of 2nd period - Shot by Sean Couturier.
13:17 of 2nd period - Stopped by Craig Anderson without a rebound.
13:18 of 2nd period - Mike Cammalleri wins face-off versus Connor McDavid in Canadiens zone.
13:31 of 2nd period - Shot by Brian Boyle.
13:31 of 2nd period - Stopped by Robin Lehner without a rebound.
13:32 of 2nd period - Sean Couturier wins face-off versus Sam Gagner in Panthers zone.
15:23 of 2nd period - Shot by Ryan Malone.
15:23 of 2nd period - Shot Misses the Net.
15:25 of 2nd period - Shot by Jack Skille.
15:25 of 2nd period - Stopped by Robin Lehner without a rebound.
15:26 of 2nd period - Joe Thornton wins face-off versus Derick Brassard in Panthers zone.
15:31 of 2nd period - Shot by Joe Thornton.
15:31 of 2nd period - Goal by Joe Thornton - Panthers : 3 - Canadiens : 2.
15:32 of 2nd period - Sam Gagner wins face-off versus Derick Brassard in neutral zone.
15:35 of 2nd period - Jakob Silfverberg is hit by Pascal Dupuis and loses puck.
15:46 of 2nd period - Shot by Joel Ward.
15:46 of 2nd period - Deflect By Sam Gagner.
15:46 of 2nd period - Stopped by Robin Lehner without a rebound.
15:47 of 2nd period - Sean Couturier wins face-off versus Ryan Malone in Panthers zone.
15:51 of 2nd period - Nick Bonino is hit by Ryan Malone and loses puck.
16:27 of 2nd period - Minor Penalty to Wayne Simmonds for Interference.
16:28 of 2nd period - Sam Gagner wins face-off versus Brayden Schenn in Panthers zone.
17:03 of 2nd period - Shot by Sam Gagner.
17:03 of 2nd period - Shot Misses the Net.
17:05 of 2nd period - Shot by Mark Borowiecki.
17:05 of 2nd period - Stopped by Robin Lehner without a rebound.
17:06 of 2nd period - Brayden Schenn wins face-off versus Connor McDavid in Panthers zone.
17:21 of 2nd period - Shot by Brian Boyle.
17:21 of 2nd period - Deflect By Alexander Radulov.
17:21 of 2nd period - Shot Blocked by Niklas Hjalmarsson.
17:23 of 2nd period - Shot by Alexander Radulov.
17:23 of 2nd period - Stopped by Robin Lehner with a rebound.
17:33 of 2nd period - Shot by Brian Boyle.
17:33 of 2nd period - Stopped by Robin Lehner without a rebound.
17:34 of 2nd period - Sam Gagner wins face-off versus Sean Couturier in Panthers zone.
17:42 of 2nd period - Icing by Joel Ward.
17:43 of 2nd period - Brett Sutter wins face-off versus Sam Gagner in Canadiens zone.
18:17 of 2nd period - Shot by Sam Gagner.
18:17 of 2nd period - Shot Misses the Net.
18:41 of 2nd period - Shot by Joe Thornton.
18:41 of 2nd period - Shot Misses the Net.
18:43 of 2nd period - Shot by Rene Bourque.
18:43 of 2nd period - Shot Blocked by Aaron Ekblad.
18:45 of 2nd period - Shot by Matt Kinch.
18:45 of 2nd period - Shot Blocked by Jakub Voracek.
18:47 of 2nd period - Shot by Mark Stuart.
18:47 of 2nd period - Shot Misses the Net.
19:46 of 2nd period - Jack Skille is hit by Derick Brassard and loses puck.
Goals for this period are 1 for Panthers vs 2 for Canadiens.
Shots for this period are 10 for Panthers vs 14 for Canadiens.

3rd period


0:01 of 3rd period - Robbie Earl wins face-off versus Mike Cammalleri in neutral zone.
0:25 of 3rd period - Icing by Ben Lovejoy.
0:26 of 3rd period - Sean Couturier wins face-off versus Connor McDavid in Canadiens zone.
1:29 of 3rd period - Shot by Sam Gagner.
1:29 of 3rd period - Stopped by Robin Lehner without a rebound.
1:30 of 3rd period - Ryan Malone wins face-off versus Chris Kreider in Panthers zone.
1:45 of 3rd period - Shot by Chris Kreider.
1:45 of 3rd period - Stopped by Craig Anderson without a rebound.
1:46 of 3rd period - Mike Cammalleri wins face-off versus Rene Bourque in Canadiens zone.
1:46 of 3rd period - Jakub Voracek is hit by Andrej Meszaros and loses puck.
1:52 of 3rd period - Olli Jokinen is hit by Jason Demers and loses puck.
2:13 of 3rd period - Shot by Olli Jokinen.
2:13 of 3rd period - Stopped by Robin Lehner without a rebound.
2:14 of 3rd period - Sean Couturier wins face-off versus Pascal Dupuis in Panthers zone.
2:16 of 3rd period - Aaron Ekblad is hit by Sam Gagner and loses puck.
2:20 of 3rd period - Cam Fowler is hit by Pascal Dupuis and loses puck.
2:25 of 3rd period - Sam Gagner is hit by Wayne Simmonds and loses puck.
2:37 of 3rd period - Nick Bonino is hit by Mark Borowiecki.
2:46 of 3rd period - Minor Penalty to Mark Borowiecki for Hooking.
2:47 of 3rd period - Brayden Schenn wins face-off versus Connor McDavid in Canadiens zone.
2:51 of 3rd period - Brayden Schenn is hit by Mark Stuart and loses puck.
3:48 of 3rd period - Off-side.
3:49 of 3rd period - Mike Cammalleri wins face-off versus Brian Boyle in neutral zone.
3:52 of 3rd period - Shot by John Moore.
3:52 of 3rd period - Shot Blocked by Andrej Meszaros.
3:54 of 3rd period - Shot by John Moore.
3:54 of 3rd period - Shot Misses the Net.
3:58 of 3rd period - Shot by Jakub Voracek.
3:58 of 3rd period - Stopped by Craig Anderson without a rebound.
3:59 of 3rd period - Connor McDavid wins face-off versus Mike Cammalleri in Canadiens zone.
4:07 of 3rd period - Off-side.
4:08 of 3rd period - Connor McDavid wins face-off versus Mike Cammalleri in neutral zone.
4:34 of 3rd period - Shot by John Moore.
4:34 of 3rd period - Stopped by Craig Anderson without a rebound.
4:35 of 3rd period - Connor McDavid wins face-off versus Brayden Schenn in Canadiens zone.
6:06 of 3rd period - Shot by Connor McDavid.
6:06 of 3rd period - Stopped by Robin Lehner without a rebound.
6:07 of 3rd period - Sam Gagner wins face-off versus Mike Cammalleri in Panthers zone.
6:16 of 3rd period - Shot by Joel Ward.
6:16 of 3rd period - Goal by Joel Ward - Panthers : 3 - Canadiens : 3.
6:17 of 3rd period - Sam Gagner wins face-off versus Sean Couturier in neutral zone.
7:07 of 3rd period - Sean Couturier is hit by Robbie Earl and loses puck.
7:18 of 3rd period - Shot by Brian Boyle.
7:18 of 3rd period - Stopped by Robin Lehner without a rebound.
7:19 of 3rd period - Ryan Malone wins face-off versus Mike Cammalleri in Panthers zone.
7:20 of 3rd period - Shot by Jack Skille.
7:20 of 3rd period - Stopped by Robin Lehner without a rebound.
7:21 of 3rd period - Mike Cammalleri wins face-off versus Connor McDavid in Panthers zone.
7:47 of 3rd period - Shot by Brian Boyle.
7:47 of 3rd period - Stopped by Robin Lehner with a rebound.
7:52 of 3rd period - Icing by Jakub Voracek.
7:53 of 3rd period - Sam Gagner wins face-off versus Jakub Voracek in Panthers zone.
8:34 of 3rd period - Sam Gagner is hit by Dustin Byfuglien and loses puck.
9:15 of 3rd period - Connor McDavid is hit by Wayne Simmonds and loses puck.
10:05 of 3rd period - Icing by Nick Bonino.
10:06 of 3rd period - Joe Thornton wins face-off versus Sean Couturier in Panthers zone.
10:16 of 3rd period - Icing by Mark Borowiecki.
10:17 of 3rd period - Joe Thornton wins face-off versus Brayden Schenn in Canadiens zone.
11:14 of 3rd period - Mark Stuart is hit by Mario Scalzo and loses puck.
11:37 of 3rd period - Mario Scalzo is hit by Sam Gagner and loses puck.
12:22 of 3rd period - Shot by Mike Cammalleri.
12:22 of 3rd period - Shot Misses the Net.
12:24 of 3rd period - Shot by Dustin Byfuglien.
12:24 of 3rd period - Deflect By Mike Cammalleri.
12:24 of 3rd period - Shot Misses the Net.
12:26 of 3rd period - Shot by Cam Fowler.
12:26 of 3rd period - Stopped by Craig Anderson without a rebound.
12:27 of 3rd period - Connor McDavid wins face-off versus Sean Couturier in Canadiens zone.
12:46 of 3rd period - Jason Demers is hit by Robbie Earl and loses puck.
12:58 of 3rd period - Icing by Jonathan Ericsson.
12:59 of 3rd period - Robbie Earl wins face-off versus Mike Cammalleri in Canadiens zone.
13:18 of 3rd period - Shot by Robbie Earl.
13:18 of 3rd period - Shot Misses the Net.
13:20 of 3rd period - Shot by Andrej Meszaros.
13:20 of 3rd period - Stopped by Robin Lehner without a rebound.
13:21 of 3rd period - Sean Couturier wins face-off versus Ryan Malone in Panthers zone.
13:25 of 3rd period - Off-side.
13:26 of 3rd period - Sean Couturier wins face-off versus Alexander Radulov in neutral zone.
13:26 of 3rd period - Minor Penalty to Ryan Malone for Holding.
13:27 of 3rd period - Jakub Voracek wins face-off versus Connor McDavid in Canadiens zone.
13:52 of 3rd period - Shot by Aaron Ekblad.
13:52 of 3rd period - Shot Misses the Net.
13:54 of 3rd period - Shot by Mike Cammalleri.
13:54 of 3rd period - Shot Blocked by Mark Stuart.
13:56 of 3rd period - Shot by Mike Cammalleri.
13:56 of 3rd period - Goal by Mike Cammalleri - Panthers : 4 - Canadiens : 3.
13:57 of 3rd period - Ryan Malone wins face-off versus Derick Brassard in neutral zone.
14:03 of 3rd period - Icing by Luke Schenn.
14:04 of 3rd period - Connor McDavid wins face-off versus Derick Brassard in Panthers zone.
14:14 of 3rd period - Icing by Luke Schenn.
14:15 of 3rd period - Derick Brassard wins face-off versus Sam Gagner in Panthers zone.
14:15 of 3rd period - Derick Brassard is hit by Pascal Dupuis.
14:25 of 3rd period - Pascal Dupuis is hit by Chris Kreider and loses puck.
14:38 of 3rd period - Shot by Sam Gagner.
14:38 of 3rd period - Stopped by Robin Lehner with a rebound.
15:24 of 3rd period - Shot by Jakub Voracek.
15:24 of 3rd period - Shot Misses the Net.
15:49 of 3rd period - Icing by Aaron Ekblad.
15:50 of 3rd period - Ryan Malone wins face-off versus Mike Cammalleri in Panthers zone.
15:59 of 3rd period - Alexander Radulov is hit by Dustin Byfuglien.
16:11 of 3rd period - Jonathan Ericsson is hit by Wayne Simmonds and loses puck.
16:19 of 3rd period - Nick Bonino is hit by Andrej Meszaros and loses puck.
16:22 of 3rd period - Shot by Wayne Simmonds.
16:22 of 3rd period - Stopped by Craig Anderson without a rebound.
16:23 of 3rd period - Derick Brassard wins face-off versus Joe Thornton in Canadiens zone.
16:25 of 3rd period - Jakob Silfverberg is hit by Mark Stuart and loses puck.
16:35 of 3rd period - Icing by Mark Stuart.
16:36 of 3rd period - Joe Thornton wins face-off versus Sean Couturier in Canadiens zone.
18:05 of 3rd period - Shot by Mike Cammalleri.
18:05 of 3rd period - Stopped by Craig Anderson without a rebound.
18:06 of 3rd period - Derick Brassard wins face-off versus Sam Gagner in Canadiens zone.
18:15 of 3rd period - Shot by Chris Kreider.
18:15 of 3rd period - Shot Misses the Net.
18:41 of 3rd period - Shot by Derick Brassard.
18:41 of 3rd period - Stopped by Craig Anderson without a rebound.
18:42 of 3rd period - Mike Cammalleri wins face-off versus Connor McDavid in Canadiens zone.
18:57 of 3rd period - Shot by Jakub Voracek.
18:57 of 3rd period - Shot Misses the Net.
18:59 of 3rd period - Shot by Cam Fowler.
18:59 of 3rd period - Shot Hit the Post.
19:01 of 3rd period - Shot by Dustin Byfuglien.
19:01 of 3rd period - Stopped by Craig Anderson without a rebound.
19:02 of 3rd period - Sean Couturier wins face-off versus Joe Thornton in Canadiens zone.
19:07 of 3rd period - Shot by Wayne Simmonds.
19:07 of 3rd period - Stopped by Craig Anderson without a rebound.
19:08 of 3rd period - Sean Couturier wins face-off versus Olli Jokinen in Canadiens zone.
19:25 of 3rd period - Canadiens, Craig Anderson is pulled from the net.
19:44 of 3rd period - Shot by Andrej Meszaros.
19:44 of 3rd period - Shot Misses the Net.
Goals for this period are 1 for Panthers vs 1 for Canadiens.
Shots for this period are 10 for Panthers vs 9 for Canadiens.